 Dungeon Crawl Stone Soup version 0.16-a0-1885-g0f03bb0 (webtiles) character file.

294 Kraw the Ruffian (level 6, -11/47 HPs)
             Began as a Draconian Transmuter on Nov 7, 2014.
             Mangled by Pikel
             ... wielding a +0 whip of electrocution
              (18 damage)
             ... on level 4 of the Dungeon.
             The game lasted 00:16:39 (3675 turns).

Kraw the Ruffian (Draconian Transmuter)             Turns: 3675, Time: 00:16:39

Health: -11/47     AC:  2    Str: 13    XL:     6   Next: 11%
Magic:  8/10       EV: 19    Int: 15    God:
Gold:   165        SH:  0    Dex: 16    Spells: 2 memorised, 5 levels left

rFire  . . .     SeeInvis .       - Unarmed
rCold  . . .     Clarity  .     (armour unavailable)
rNeg   . . .     SustAb   .     (shield currently unavailable)
rPois  x         Gourm    .     (helmet currently unavailable)
rElec  .         Spirit   .     (cloak currently unavailable)
rCorr  .         Warding  .     (gloves currently unavailable)
rMut   .         Stasis   .     (boots currently unavailable)
MR     .....                    (no amulet)
Stlth  +.........               (no ring)
                                (no ring)

@: spider-form (expiring), not resistant to hostile enchantments, very
unstealthy
A: unfitting armour, (cold-blooded), AC +6
a: End Transformation


You were on level 4 of the Dungeon.
You were hungry.
You were a venomous arachnid creature.
You visited 1 branch of the dungeon, and saw 4 of its levels.

You collected 165 gold pieces.

Inventory:

Hand weapons
 b - a +0 hunting sling
Missiles
 c - 8 sling bullets of frost
 e - 53 arrows
 s - 21 sling bullets
Jewellery
 k - a cursed amulet of inaccuracy {unknown}
 o - an uncursed ring of protection from magic {unknown}
 r - a cursed amulet of faith {unknown}
 y - an uncursed amulet of regeneration {unknown}
Scrolls
 g - 2 scrolls of enchant weapon {unknown}
 j - a scroll of random uselessness {unknown}
 n - a scroll of noise {unknown}
 p - 4 scrolls of identify {unknown}
Potions
 f - a potion of haste {unknown}
 i - 2 potions of agility
 l - a potion of confusion {unknown}
 m - 3 potions of heal wounds {unknown}
 q - 2 potions of brilliance {unknown}
 t - 2 potions of might {unknown}
 v - 2 potions of berserk rage {unknown}
 w - 2 potions of curing
Books
 d - a book of Changes

   Spells                             Type                      Level
   *Beastly Appendage                 Transmutation                1
   Sticks to Snakes                   Transmutation                2
   *Spider Form                       Transmutation/Poison         3
   Ice Form                           Ice/Transmutation            4
   Blade Hands                        Transmutation                5
Comestibles
 a - 4 bread rations
 h - 2 beef jerkies
 z - a meat ration


   Skills:
 - Level 1.1 Fighting
 - Level 1.7 Dodging
 - Level 5.7 Unarmed Combat
 - Level 2.0 Spellcasting
 * Level 3.4 Transmutations
 + Level 2.2 Poison Magic


You had 5 spell levels left.
You knew the following spells:

 Your Spells              Type           Power        Failure   Level  Hunger
a - Beastly Appendage     Trmt           ##....       21%         1    #......
b - Spider Form           Trmt/Pois      #.........   45%         3    ###....


Dungeon Overview and Level Annotations

Branches:
Dungeon (4/15)
 Temple: D:4-7

Altars:

Annotations:
D:4 Pikel


Innate Abilities, Weirdness & Mutations

((Your plain brown scales are hard (AC +6).))
Your body does not fit into most forms of armour.
((Your cold-blooded metabolism reacts poorly to cold.))


Message History

Pikel is lightly wounded.
Pikel hits you with a glowing whip.
You hit Pikel.
Pikel is moderately wounded.
Pikel hits you with a glowing whip!
You hit Pikel.
Pikel looks even sicker.
Pikel is moderately wounded.
Pikel completely misses you.
You see here a club.
Your transformation is almost over.
You closely miss Pikel.
Pikel is heavily wounded.
Pikel hits you with a glowing whip.
You are electrocuted!
* * * LOW HITPOINT WARNING * * *
You closely miss Pikel.
Pikel is heavily wounded.
Pikel hits you with a whip of electrocution!
* * * LOW HITPOINT WARNING * * *
You are electrocuted!
You die...

.#..............##.#
.#.#.....#.#....##.#
.#.#####...#..>.##.#
...#######)....###.#####
#......###..##(###.....#
.p......##.............#
.p.......#.[...####....##
.<.......#...[.###).....#
.....p........pKs.......#
.........#...<.####....##
.........#.....# #....#
........##.....# #....#
........ #.....# ######
....... ####### ......
...


You could see Pikel and a slave.

Vanquished Creatures
  A slave (D:3)
  Sigmund (D:3)
  Blork the orc (D:4)
  Natasha (thrice) (D:3)
  A mummy (D:3)
  3 adders
  2 worms (D:2)
  4 giant geckos
  An orc (D:4)
  A ball python (D:1)
  7 bats
  3 giant cockroaches
  10 hobgoblins
  6 jackals (D:3)
  6 giant newts
  6 goblins
  9 kobolds
  12 rats
77 creatures vanquished.

Notes
Turn   | Place    | Note
--------------------------------------------------------------
     0 | D:1      | Kraw, the Draconian Transmuter, began the quest for the Orb.
     0 | D:1      | Reached XP level 1. HP: 16/16 MP: 3/3
    98 | D:1      | Reached XP level 2. HP: 20/23 MP: 4/4
   377 | D:1      | Reached skill level 4 in Unarmed Combat
   481 | D:1      | Reached XP level 3. HP: 24/28 MP: 6/6
   489 | D:1      | Learned a level 3 spell: Spider Form
  1497 | D:3      | Noticed Sigmund
  1525 | D:3      | Killed Sigmund
  1525 | D:3      | Reached skill level 5 in Unarmed Combat
  1525 | D:3      | Reached XP level 4. HP: 13/35 MP: 7/7
  1680 | D:3      | Reached XP level 5. HP: 33/40 MP: 7/9
  1765 | D:3      | Noticed Natasha
  1781 | D:3      | Killed Natasha
  1818 | D:3      | Noticed Natasha
  1828 | D:3      | Killed Natasha
  1828 | D:3      | Reached skill level 1 in Poison Magic
  2588 | D:3      | Noticed Natasha
  2588 | D:3      | Killed Natasha
  2665 | D:4      | Noticed a slave
  2668 | D:4      | Noticed a slave
  2708 | D:3      | Killed a slave
  3027 | D:4      | Noticed Blork the orc
  3435 | D:4      | Killed Blork the orc
  3435 | D:4      | Reached XP level 6. HP: 30/47 MP: 6/10
  3444 | D:4      | Noticed Pikel
  3445 | D:4      | Noticed a slave
  3461 | D:4      | Noticed a slave
  3675 | D:4      | Mangled by Pikel

Action                   |  1- 3 |  4- 6 || total
-------------------------+-------+-------++-------
Melee: Unarmed           |   114 |   113 ||   227
 Fire: Hunting sling     |    78 |    36 ||   114
Throw: Stone             |     4 |       ||     4
       Javelin           |     1 |    10 ||    11
 Cast: Beastly Appendage |     7 |     8 ||    15
       Spider Form       |       |     7 ||     7
 Abil: End Transformatio |       |     1 ||     1
  Use: Potion            |     2 |       ||     2
  Eat: Chunk             |     2 |     6 ||     8
       Beef jerky        |       |     1 ||     1
